 Dungeon Crawl Stone Soup version 0.17-a0-1132-g5dd4065 (webtiles) character file.

53 MonkeyBuisness the Skirmisher (level 3, -3/24 HPs)
             Began as a Gargoyle Fighter on May 25, 2015.
             Slain by Sigmund
             ... wielding a cursed +0 scythe
              (6 damage)
             ... on level 2 of the Dungeon.
             The game lasted 00:03:13 (1222 turns).

MonkeyBuisness the Skirmisher (Gargoyle Fighter)    Turns: 1222, Time: 00:03:13

Health: -3/24      AC: 10    Str: 24    XL:     3   Next: 87%
Magic:  3/3        EV:  8    Int:  8    God:
Gold:   50         SH:  9    Dex: 10    Spells: 0 memorised, 2 levels left

rFire  . . .     SeeInvis .     a - +0 flail
rCold  . . .     Clarity  .     b - +0 scale mail
rNeg   + . .     SustAt   .     c - +0 shield
rPois  ∞         Gourm    .     (no helmet)
rElec  +         Spirit   .     (no cloak)
rCorr  .         Warding  .     (no gloves)
rMut   .         Stasis   .     (no boots)
MR     .....                    (no amulet)
Stlth  ..........               (no ring)
                                (no ring)

@: mighty, not resistant to hostile enchantments, extremely unstealthy
A: negative energy resistance 1, electricity resistance, unbreathing,
petrification resistance, rot immunity, AC +3
a: no special abilities


You were on level 2 of the Dungeon.
You were very hungry.

You visited 1 branch of the dungeon, and saw 2 of its levels.

You collected 50 gold pieces.

Inventory:

Hand weapons
 a - a +0 flail (weapon)
Armour
 b - a +0 scale mail (worn)
 c - a +0 shield (worn)
Jewellery
 f - an uncursed ring of fire {unknown}
   (You found it on level 1 of the Dungeon)
 j - an uncursed ring of protection from fire {unknown}
   (You found it on level 1 of the Dungeon)
Scrolls
 i - 4 scrolls of identify {unknown}
 k - a scroll of random uselessness {unknown}
 l - a scroll of teleportation {unknown}
 m - a scroll of fog {unknown}
 n - a scroll of amnesia {unknown}
Potions
 g - a potion of ambrosia {unknown}
 h - 2 potions of flight {unknown}
Comestibles
 e - 3 bread rations {@e1}


   Skills:
 + Level 3.7 Fighting
 + Level 2.5 Maces & Flails
 + Level 3.7 Armour
 + Level 1.1 Dodging
 + Level 3.5 Shields


You had 2 spell levels left.
You didn't know any spells.

Dungeon Overview and Level Annotations

Branches:
Dungeon (2/15)

Altars:
Ashenzari

Annotations:
D:2 Sigmund


Innate Abilities, Weirdness & Mutations

You are resistant to torment.
Your stone body is resilient (AC +3).
You are immune to poison.
You resist negative energy.
You are resistant to electric shocks.
You can survive without breathing.
You are immune to petrification.
You are immune to rotting.


Message History

You closely miss the giant cockroach. You block the giant cockroach's attack.
You hit the giant cockroach.
The giant cockroach bites you but does no damage. x2
You hit the giant cockroach.
The giant cockroach bites you but does no damage. x2
You hit the giant cockroach but do no damage.
The giant cockroach bites you but does no damage.
You hit the giant cockroach but do no damage.
The giant cockroach closely misses you. x2
You hit the giant cockroach.
You kill the giant cockroach!
You see here a giant cockroach corpse.
You now have 50 gold pieces (gained 15).
You are feeling very hungry.
Found a stone staircase leading up.
n - a scroll labeled SASAOCE KUUJ Health restored: 24
Found a shattered altar of Ashenzari.
An adder and a hobgoblin come into view.
The hobgoblin shouts!
You block the hobgoblin's attack.
You closely miss the hobgoblin.
The hobgoblin hits you but does no damage.
You sock the hobgoblin!
You kill the hobgoblin!
The adder bites you but does no damage.
You miss the adder. The adder barely misses you.
The adder bites you but does no damage.
You closely miss the adder. The adder bites you.
The adder bites you but does no damage.
You take 1 damage, and have 23/24 hp.
Your shield prevents you from hitting the adder.
The adder barely misses you. The adder bites you but does no damage.
Your shield prevents you from hitting the adder.
The adder bites you but does no damage. The adder bites you.
You take 1 damage, and have 22/24 hp.
Your shield prevents you from hitting the adder.
The adder bites you.
You take 1 damage, and have 21/24 hp.
You sock the adder! The adder bites you.
The adder bites you but does no damage.
You take 1 damage, and have 20/24 hp.
You barely miss the adder. The adder bites you but does no damage.
The adder bites you but does no damage.
You thump the adder!
You kill the adder!
No target in view!
No target in view!
Things that are here:
a club; a hobgoblin corpse Sigmund the Dreaded comes into view.
He is wielding a scythe.
Sigmund shouts!
You start resting.
A rat comes into view.
The rat bites you but does no damage.
Found a stone staircase leading down.
You thump the rat!
You kill the rat!
Sigmund closely misses you.
You thump Sigmund! Sigmund hits you with a scythe.
You take 1 damage, and have 21/24 hp.
You hit Sigmund but do no damage. Sigmund barely misses you.
You hit Sigmund. Sigmund hits you but does no damage.
You hit Sigmund. Sigmund closely misses you.
You closely miss Sigmund. You block Sigmund's attack.
You closely miss Sigmund. Sigmund gestures at you while chanting.
The puff of flame hits you!
You take 4 damage, and have 18/24 hp.
You closely miss Sigmund. Sigmund hits you with a scythe.
You take 3 damage, and have 15/24 hp.
You closely miss Sigmund.
Sigmund rams the haft of his scythe on the ground.
Sigmund gestures at you while chanting. The magic dart hits you!
Your shield prevents you from hitting Sigmund.
Sigmund hits you but does no damage.
You hit Sigmund. Sigmund casts a spell at you. You block the puff of flame.
Sigmund points at you and mumbles some strange words.
The magic dart hits you!
You take 5 damage, and have 10/24 hp.
MASSIVE DAMAGE!!
You closely miss Sigmund. Sigmund closely misses you.
You closely miss Sigmund.
Sigmund casts a spell.
Sigmund flickers and vanishes!
Deactivating autopickup; reactivate with Ctrl-A.
You hit something but do no damage. Something hits you!
* * * LOW HITPOINT WARNING * * *
You take 7 damage, and have 3/24 hp.
MASSIVE DAMAGE!!
You feel very mighty all of a sudden.
You hear some strange, mumbled words.
A magic dart appears from out of thin air!
The magic dart hits you!
* * * LOW HITPOINT WARNING * * *
You hit something. Something hits you.
You die...

#..##.#####.# ...
##...##.....##.#####
#####.####.####)....... ##
......†..........@........
####..)...................
#..............## .....
#.###.#.#.##.####...... #.
#.....##.#..†.....> #.
###.....{@.##...... #.
######.### .!... #. #.#
.... #.# .## ... # ###


There were no monsters in sight!

Vanquished Creatures
  An adder (D:2)
  An ooze (D:1)
  5 bats (D:1)
  6 hobgoblins
  8 jackals (D:1)
  3 kobolds (D:1)
  3 giant cockroaches
  2 giant newts (D:1)
  3 goblins (D:1)
  5 rats
37 creatures vanquished.

Notes
Turn   | Place    | Note
--------------------------------------------------------------
     0 | D:1      | MonkeyBuisness the Gargoyle Fighter began the quest for the Orb.
     0 | D:1      | Reached XP level 1. HP: 14/14 MP: 1/1
   162 | D:1      | Reached XP level 2. HP: 16/19 MP: 2/2
   562 | D:1      | Reached XP level 3. HP: 16/23 MP: 3/3
   922 | D:1      | Reached skill level 1 in Dodging
  1149 | D:2      | Found a shattered altar of Ashenzari.
  1196 | D:2      | Noticed Sigmund
  1220 | D:2      | HP: 3/24 [something (7)]
  1222 | D:2      | Slain by Sigmund

Vault maps used:
D:1:      dpeg_arrival_stone_temple_mockup, glass_columns_a,
          minmay_close_crescents
D:2:      ashenzari_altar_1, lemuel_doored_altar, uniq_sigmund

Action                   || total
-------------------------++-------
Melee: Flail             ||   157
  Use: Potion            ||     1

Vault maps used:
D:1:      dpeg_arrival_stone_temple_mockup, glass_columns_a,
          minmay_close_crescents
D:2:      ashenzari_altar_1, lemuel_doored_altar, uniq_sigmund

Table legend:
 A = Turns spent in this place as a percentage of turns spent in the entire game.
 B = Non-inter-level travel turns spent in this place as a percentage of non-inter-level travel turns spent in the entire game.
 C = Inter-level travel turns spent in this place as a percentage of turns spent in this place.
 D = Turns resting spent in this place as a percentage of non-inter-level travel turns spent in this place.
 E = Turns spent auto-exploring this place as a percentage of non-inter-level travel turns spent in this place.
 F = Non-inter-level travel turns spent in this place divided by the number of levels of this place that you've seen.
                   A       B       C       D       E      F
               +-------+-------+-------+-------+-------+----------------------
         Total | 100.0 | 100.0 |   0.6 |   6.7 |  13.2 | 163.0
       Dungeon | 100.0 | 100.0 |   0.6 |   6.7 |  13.2 | 163.0
               +-------+-------+-------+-------+-------+----------------------

Table legend:
 A = Kills in this place as a percentage of kills in entire the game.
 B = Kills by you in this place as a percentage of kills by you in the entire game.
 C = Kills by friends in this place as a percentage of kills by friends in the entire game.
 D = Other kills in this place as a percentage of other kills in the entire game.
 E = Experience gained in this place as a percentage of experience gained in the entire game.
 F = Experience gained in this place divided by the number of levels of this place that you have seen.
                   A       B       C       D       E      F
               +-------+-------+-------+-------+-------+----------------------
         Total | 100.0 | 100.0 |  -nan |  -nan | 100.0 |  38.0
       Dungeon | 100.0 | 100.0 |  -nan |  -nan | 100.0 |  38.0
               +-------+-------+-------+-------+-------+----------------------
